[Event "*** SCC Grand Prix: Titled Tuesday Blitz"]
[Site "Chess.com"]
[Date "2020.09.29"]
[Round "2"]
[White "GregShahade"]
[Black "maxip32"]
[Result "0-1"]
[WhiteElo "2615"]
[BlackElo "2362"]
[TimeControl "180+1"]
[EndTime "10:18:31 PDT"]
[Termination "maxip32 won by checkmate"]

1. e4 e5 2. Nf3 Nf6 3. Nxe5 d6 4.
Nf3 Nxe4 5. Nc3 Nxc3 6. dxc3 Be7 7. Be3 Nc6 8. Qd2 O-O 9. O-O-O Be6 10. Bd3 Qd7 11.
Kb1 Bf5 12. Nd4 Bxd3 13. Qxd3 Bf6 14. Rhe1 Rfe8 15. b3 Ne5 16. Qf5 Qxf5 17. Nxf5 g6 18. Nd4 Kg7 19. f3 a6 20. Bf2 Nd7 21. Kb2 Kf8 22.
Be3 Kg7 23. Bf4 Be5 24. Bxe5+ Rxe5 25. Rxe5 Nxe5 26. c4 Re8 27. Kc3 Nd7 28. Kd2 f5 29.
Ne2 g5 30. Nc3 Nf6 31. Rh1 Re5 32. h4 g4 33. Re1 gxf3 34. gxf3 Rxe1 35. Kxe1 Kg6 36.
Kf2 f4 37. Ne2 Kf5 38. Nd4+ Ke5 39. c3 Nh5 40. Ke2 Ng3+ 41. Kd3 Nf1 42. Ne2 Ne3 43. b4 Ng2 44. h5 Ne1+ 45. Kd2 Nxf3+ 46. Kd3 Ng5 47. Nd4 c5 48. Nc2 f3 49. Ke3 b6 50.
a4 Kf5 51. b5 a5 52. Ne1 Kg4 53. Nd3 Kg3 54. Nf2 h6 55. Nd3 Nh3 56. Kd2 f2 57. Ke2 Kg2 58. Nxf2 Nxf2 59. Ke3 Kg3 60. Ke2 Ne4 61. Kd3 Nf6 62. Ke3 Kg4 63. Kd3 Kf4 64.
Ke2 Nxh5 65. Kd3 Nf6 66. Ke2 Ne4 67. Kd3 h5 68. Ke2 h4 69. Kd3 h3 70. Kc2 h2 71.
Kb3 h1=Q 72. Ka3 Qa1+ 73. Kb3 Qxc3+ 74. Ka2 Qc2+ 75. Ka3 Qc3+ 76. Ka2 Qxc4+ 77. Ka3 Qb4+ 78. Ka2 Nc3+ 79. Ka1 Qb1# 0-1

[Event "*** SCC Grand Prix: Titled Tuesday Blitz"]
[Site "Chess.com"]
[Date "2020.09.29"]
[Round "2"]
[White "AlexSuv"]
[Black "GMKrikor"]
[Result "0-1"]
[WhiteElo "2506"]
[BlackElo "2798"]
[TimeControl "180+1"]
[EndTime "10:18:32 PDT"]
[Termination "GMKrikor won by checkmate"]

1. d4 Nf6 2. c4 g6 3. Nc3 d5 4.
Nf3 Bg7 5. Qb3 dxc4 6. Qxc4 O-O 7. e4 Nc6 8. Be2 e5 9. d5 Nd4 10. Nxd4 exd4 11. Qxd4 c6 12. Qd1 cxd5 13. exd5 Re8 14. O-O Bf5 15. Be3 Ne4 16. Nxe4 Bxe4 17. Bf3 Bxb2 18.
Rb1 Bxb1 19. Qxb1 Be5 20. Qxb7 Bd6 21. g3 a5 22. Kg2 Rb8 23. Qa6 Ra8 24. Qd3 Qf6 25.
h4 Rac8 26. Rb1 Rc3 27. Qd2 Rexe3 28. fxe3 Qe5 29. Qf2 Rxe3 30. Rb2 h5 31. Rd2 Kg7 32. Rc2 Bb4 33. Re2 Rxe2 34. Qxe2 Qd4 35. Qe4 Qf6 36.
Qd3 Bd6 37. Qe4 Qb2+ 38. Qe2 Qd4 39. Qe4 Qc3 40. Qe2 a4 41. Qe4 a3 42. Qe2 Qd4 43. Qe4 Qc3 44. Qe2 Bc5 45. Kh2 Qd4 46. Kg2 Qg1+ 47.
Kh3 Bd6 48. Bg2 Qd4 49. Bf3 Qf6 50. Kg2 Qc3 51. Kh3 Qd4 52. Kg2 Bc5 53. Kh3 Qg1 54.
Bg2 Bd6 55. Bf3 Qc5 56. Kg2 Qc7 57. Qe3 Bxg3 58. Qxa3 Bd6 59. Qb2+ Be5 60. Qe2 Qe7 61. a4 Qf6 62. a5 Qf4 63. a6 Qg3+ 64. Kf1 Bb8 65.
Qb2+ Kh7 66. Qb7 Qxf3+ 67. Ke1 Be5 68. a7 Bc3# 0-1

[Event "*** SCC Grand Prix: Titled Tuesday Blitz"]
[Site "Chess.com"]
[Date "2020.09.29"]
[Round "2"]
[White "rynos0411"]
[Black "LubovMarkelova"]
[Result "1-0"]
[WhiteElo "2433"]
[BlackElo "2237"]
[TimeControl "180+1"]
[EndTime "10:18:32 PDT"]
[Termination "rynos0411 won on time"]

1. Nf3 d5 2. b3 Nf6 3. Bb2 c6 4. e3 Bf5 5. d3 h6 6. Nbd2 e6 7. g3 Be7 8. Bg2 Nbd7 9. O-O O-O 10. Re1 a5 11. a3 Qb6 12. Qe2 Bh7 13. h3 Rfd8 14. e4 dxe4 15. dxe4 Nc5 16. Nc4 Qa6 17. e5 Nd5 18. Rad1 Ne4 19. Qf1 Bc5 20. Nd4 Nec3 21. Rd2 Bxd4 22. Rxd4 Bxc2 23. Rc1 Bxb3 24. Bxc3 Bxc4 25.
Rxc4 Nxc3 26. R4xc3 Qxf1+ 27. Kxf1 Rd2 28. Rb3 Ra2 29.
Be4 a4 30. Rxb7 Rxa3 31. Rxc6 Ra1+ 32. Rb1 Rxb1+ 33. Bxb1 a3 34. Ba2 Ra5 35. f4 g5 36.
Kf2 Rb5 37. Rc2 Rb4 38. Kf3 Kg7 39. Ke3 Kg6 40. Rd2 Kf5 41. g4+ Kg6 42. fxg5 Kxg5 43. Rd4 Rb5 44. Ra4 Rxe5+ 45. Kf3 Rc5 46. Rxa3 Rc2 47. Bb3 Rc3+ 48. Kg2 h5 49. Ra5+ f5 50.
Bd1 hxg4 51. hxg4 Rd3 52. Be2 Rd2 53. Kf1 Rb2 54. gxf5 exf5 55. Bd3 Kf4 56. Rxf5+ Ke3 57. Ba6 Ke4 58. Rf8 Ke3 59. Re8+ Kf3 60. Bc8 Kg3 61. Re1 Kf3 62. Rc1 Kg3 63. Bb7 Kf4 64. Rc3 Ke5 65.
Ba6 Kf4 66. Be2 1-0

[Event "*** SCC Grand Prix: Titled Tuesday Blitz"]
[Site "Chess.com"]
[Date "2020.09.29"]
[Round "2"]
[White "AleksibFan"]
[Black "Parhamov"]
[Result "1/2-1/2"]
[WhiteElo "2608"]
[BlackElo "2961"]
[TimeControl "180+1"]
[EndTime "10:18:33 PDT"]
[Termination "Game drawn - insufficient material"]

1. d4 Nf6 2. Bg5 d5 3. Bxf6 gxf6 4. e3 e6 5. Nf3 c5 6. dxc5 Bxc5 7. a3 Nc6 8. c4 dxc4 9. Qxd8+ Kxd8 10. Bxc4 a6 11. Nbd2 Ke7 12. Ke2 Rd8 13. Rac1 Ba7 14. Rhd1 Bd7 15.
Ne4 Be8 16. Rxd8 Rxd8 17. Bd3 f5 18. Nc5 Rb8 19. b4 Kd6 20. Nb3 f6 21. Kd2 Bb6 22.
Nfd4 f4 23. Nc5 fxe3+ 24. fxe3 Nxd4 25. exd4 Bc6 26. g3 f5 27. Ke3 Rg8 28. Be2 e5 29. dxe5+ Kxe5 30. Bf3 Bb5 31. Bxb7 Rd8 32. Kf3 Rd2 33. Re1+ Kd6 34. Re6+ Kc7 35. Re7+ Kd8 36. Re6 Kc7 37. Re7+ Kb8 38. Bxa6 Bxc5 39. Rb7+ Ka8 40. bxc5 Bxa6 41. Rxh7 Rc2 42. Rc7 Kb8 43. Rf7 Rxc5 44. Kf4 Bd3 45. h4 Rc4+ 46. Kf3 Rc3 47. Kf4 Be4 48.
h5 Rf3+ 49. Ke5 Bb1 50. h6 f4 51. Rxf4 Rxg3 52. h7 Bxh7 53. Rf8+ Kb7 54. Rf7+ Kb6 55. Rxh7 Rxa3 56. Rh6+ Kc5 57. Rh8 Re3+ 58. Kf4 Re6 59.
Rc8+ Rc6 60. Rd8 Rd6 61. Rxd6 Kxd6 1/2-1/2

[Event "*** SCC Grand Prix: Titled Tuesday Blitz"]
[Site "Chess.com"]
[Date "2020.09.29"]
[Round "2"]
[White "Morshynska"]
[Black "Stormeman100100"]
[Result "1-0"]
[WhiteElo "2213"]
[BlackElo "2405"]
[TimeControl "180+1"]
[EndTime "10:18:33 PDT"]
[Termination "Morshynska won by checkmate"]

1. e4 c6 2. d4 d5 3. Nd2 dxe4 4. Nxe4 Nf6 5. Ng3 h5 6. h4 Bg4 7. Be2 e6 8. Nf3 c5 9. Bg5 Nc6 10. dxc5 Bxc5 11. Qc1 Qb6 12. O-O Nd4 13. Nxd4 Bxd4 14. c3 Bc5 15. Qc2 Bxe2 16. Qxe2 Ng4 17. Ne4 Be7 18. Bxe7 Kxe7 19. Rad1 Rad8 20. b3 Rxd1 21. Rxd1 Rd8 22. Rd2 Rxd2 23. Qxd2 f6 24. c4 Qc6 25. Qd3 a6 26. a4 b5 27. axb5 axb5 28. c5 f5 29. Qd6+ Qxd6 30. Nxd6 b4 31. Nc4 Nf6 32. f3 Nd7 33. c6 Nc5 34. Na5 Kd6 35. Kf2 Kc7 36. Ke3 Kb6 37. Kd4 e5+ 38. Kc4 e4 39.
fxe4 fxe4 40. Kxb4 e3 41. Nc4+ Kxc6 42. Nxe3 Nd3+ 43.
Kc3 Nf4 44. b4 Kb5 45. Kd4 Kxb4 46. Ke4 Ne6 47. Kf5 Nf8 48. Kg5 Kc3 49. Kxh5 Kd3 50. Ng4 Ke4 51. Kg5 Kd3 52. Ne5+ Ke2 53. Ng6 Kf2 54.
Nxf8 Kxg2 55. Kg6 Kg3 56. h5 Kg4 57. Ne6 Kh4 58. Nxg7 Kg4 59. h6 Kh4 60. h7 Kg4 61. h8=Q Kf4 62. Qf8+ Ke4 63. Ne6 Ke5 64. Qf5+ Kd6 65.
Ng5 Ke7 66. Qe6+ Kd8 67. Nf7+ Kc7 68. Ne5 Kb7 69. Qc6+ Ka7 70. Qb5 Ka8 71. Kf5 Ka7 72.
Nc6+ Ka8 73. Qb8# 1-0

[Event "*** SCC Grand Prix: Titled Tuesday Blitz"]
[Site "Chess.com"]
[Date "2020.09.29"]
[Round "2"]
[White "PavelChernomordik"]
[Black "MatyChess1"]
[Result "0-1"]
[WhiteElo "2308"]
[BlackElo "2522"]
[TimeControl "180+1"]
[EndTime "10:18:34 PDT"]
[Termination "MatyChess1 won on time"]

1. e4 c5 2. Nc3 Nc6 3. Bb5 Nd4 4.
Bc4 e6 5. Nge2 Nf6 6. O-O Qc7 7. d3 a6 8. a4 b6 9. f4 d6 10. h3 Be7 11. Be3 Nxe2+ 12. Qxe2 Bb7 13. f5 d5 14. exd5 exd5 15. Bf4 Qc6 16. Ba2 O-O 17. Qxe7 d4 18.
Ne4 Rae8 19. Qd6 Nxe4 20. Qxc6 Bxc6 21. dxe4 Rxe4 22. Rf2 Rfe8 23. Bc4 Re1+ 24. Rf1 Rxa1 25. Rxa1 b5 26. axb5 axb5 27. Bf1 h6 28. Ra6 Rc8 29.
Bd6 c4 30. Be5 Be4 31. Bxd4 Bxc2 32. f6 Rd8 33. Be5 gxf6 34. Bxf6 Rd2 35. Bc3 Rd1 36. Kf2 Bf5 37. Be2 Rb1 38. Rxh6 f6 39. Rxf6 Bh7 40.
Rb6 Bd3 41. Bg4 Kh7 42. Rxb5 Rc1 43. Kg3 Rc2 44. Bf3 Kg6 45. h4 Kf7 46. h5 Kg8 47. h6 Kh7 48. Rb7+ Kxh6 49. Re7 Kg5 50. Rg7+ Kf5 51. Re7 Kg6 52. Re5 Kf7 53. Kf4 Rc1 54. g4 Rf1 55. Kg3 Kg6 56. Bd5 Kg7 57. Re7+ Kf8 58. Rc7 Rg1+ 59. Kf4 Rd1 60. Kg5 Bh7 61. Bf6 Rxd5+ 62. Kh6 Bd3 0-1

[Event "*** SCC Grand Prix: Titled Tuesday Blitz"]
[Site "Chess.com"]
[Date "2020.09.29"]
[Round "2"]
[White "Gulkov_Igor"]
[Black "ExtremeLearner"]
[Result "0-1"]
[WhiteElo "2427"]
[BlackElo "2288"]
[TimeControl "180+1"]
[EndTime "10:18:35 PDT"]
[Termination "ExtremeLearner won on time"]

1. Nf3 d5 2. d4 Nf6 3. c4 e6 4.
Nc3 Bb4 5. Bg5 h6 6. Bxf6 Qxf6 7. e3 O-O 8. Rc1 Nc6 9. a3 Bxc3+ 10. Rxc3 a6 11.
cxd5 exd5 12. Be2 Bg4 13. O-O Rad8 14. Qc2 Bf5 15. Qd2 Rfe8 16. Rfc1 Rd6 17. b4 g5 18. b5 axb5 19. Bxb5 Bd7 20. Bxc6 bxc6 21. Ne5 Rxe5 22. dxe5 Qxe5 23. a4 h5 24. Qd4 Qf5 25. a5 Rf6 26. f3 g4 27. f4 g3 28. e4 gxh2+ 29. Kh1 Qxf4 30. a6 c5 31. Rxc5 Rxa6 32. Qxd5 Rd6 33. Qg5+ Qxg5 34. Rxg5+ Kf8 35. Rxc7 Bg4 36.
Kxh2 Rd4 37. Re5 Be6 38. Rxh5 Rxe4 39. Rh8+ Kg7 40. Rh5 Kg6 41. Rhc5 Rh4+ 42. Kg3 Ra4 43. Rc3 Rg4+ 44. Kh2 Rh4+ 45. Kg1 Rd4 46. R7c5 Rd1+ 47.
Kf2 Rd2+ 48. Kg3 Rd4 49. Re3 Rg4+ 50. Kf2 Ra4 51. g3 Ra2+ 52. Kf3 Ra1 53. Rec3 Rf1+ 54. Kg2 Ra1 55. Rc2 Ra3 56. Rd2 Bf5 57. Kh2 Be4 58. Rc4 f5 59. Rc8 Ra1 60. Rg8+ Kf7 0-1

[Event "*** SCC Grand Prix: Titled Tuesday Blitz"]
[Site "Chess.com"]
[Date "2020.09.29"]
[Round "2"]
[White "TokChess"]
[Black "IsaacWiebe"]
[Result "1/2-1/2"]
[WhiteElo "2425"]
[BlackElo "2248"]
[TimeControl "180+1"]
[EndTime "10:18:35 PDT"]
[Termination "Game drawn by repetition"]

1. c4 e5 2. g3 Nf6 3. Bg2 d5 4. cxd5 Nxd5 5. Nc3 Nb6 6. Nf3 Nc6 7. O-O Be7 8. a3 a5 9. d3 O-O 10. Be3 f6 11.
Rc1 Be6 12. Nd2 Nd5 13. Nxd5 Bxd5 14. Bxd5+ Qxd5 15. Qb3 Qxb3 16. Nxb3 Rfd8 17. Rc4 a4 18. Nd2 Bd6 19. Ne4 Ne7 20. Nxd6 cxd6 21. Rb4 Nd5 22. Rxb7 Nxe3 23. fxe3 Rdb8 24. Rxb8+ Rxb8 25. Rb1 Rc8 26. b3 axb3 27. Rxb3 Rc2 28. Kf2 Ra2 29.
Rb6 Rxa3 30. Rxd6 h5 31. Rd7 Kh7 32. Kf3 Kg6 33. h3 Kh6 34. Rd8 g5 35. Ke4 Kg6 36. Rg8+ Kf7 37. Rh8 Kg6 38. Rg8+ Kf7 39. Rb8 Kg6 40.
g4 hxg4 41. hxg4 Ra2 42. Kf3 Ra4 43. Rd8 Kf7 44. d4 exd4 45. exd4 Ke7 46. Rd5 Ke6 47. Rd8 Ke7 48. Rd5 Ke6 49. e4 Ra3+ 50. Kf2 Rb3 51. Ra5 Rd3 52. Ra6+ Kf7 53. d5 Ke7 54. Re6+ Kf7 55. Rc6 Ke7 56. Rc7+ Kd6 57. Rf7 Ke5 58. Re7+ Kf4 59. Re6 Rd2+ 60. Ke1 Rd4 61. d6 Kxg4 62. Ke2 Kf4 63. Rxf6+ Kxe4 64. Re6+ Kf5 65. Rh6 Ke5 66.
Ke3 Rxd6 67. Rh8 Kf5 68. Rf8+ Kg4 69. Kf2 Rd2+ 70. Kg1 Ra2 71. Rc8 Kh4 72. Rc3 g4 73.
Rd3 g3 74. Rd8 Kh3 75. Rh8+ Kg4 76. Rg8+ Kh3 77. Rh8+ Kg4 78. Rg8+ Kh3 79. Rh8+ 1/2-1/2

[Event "*** SCC Grand Prix: Titled Tuesday Blitz"]
[Site "Chess.com"]
[Date "2020.09.29"]
[Round "2"]
[White "PLAYER_2006_M"]
[Black "OlaaLa"]
[Result "1-0"]
[WhiteElo "2566"]
[BlackElo "2321"]
[TimeControl "180+1"]
[EndTime "10:18:36 PDT"]
[Termination "PLAYER_2006_M won on time"]

1. d4 f5 2. Nc3 Nf6 3. Bg5 d5 4. Bxf6 exf6 5. e3 Be6 6. g3 Qd7 7. Bg2 Nc6 8. Nge2 O-O-O 9. h4 Bb4 10. a3 Ba5 11. b4 Bb6 12. Nf4 Ne7 13. a4 c6 14. a5 Bc7 15. a6 b6 16. b5 Bxf4 17. gxf4 cxb5 18. Rb1 Nc6 19. Nxb5 Na5 20. Rb4 Kb8 21. Qf3 Rc8 22. c3 Rc4 23. Bf1 Rc6 24.
Bd3 Qc8 25. Kd2 Nc4+ 26. Bxc4 dxc4 27. h5 Rd8 28. Rg1 Bd5 29. Qd1 Rd7 30. Rg3 Qxa6 31.
Rb2 Qb7 32. Na3 a6 33. Qa1 b5 34. Nc2 Rb6 35. Nb4 Be4 36. Ra2 Ka7 37. Ra4 bxa4 38.
Qxa4 Rxb4 39. cxb4 Qb5 40. Qxb5 axb5 41. Kc3 Kb6 42.
Rg1 Ra7 43. Kb2 Bf3 44. h6 g6 45. Rg3 Be4 46. f3 Bd5 47. Kc3 Ra3+ 48. Kb2 Rb3+ 49. Kc2 Rxb4 50. Rxg6 Ra4 51. Rxf6+ Kc7 52. Rxf5 Kd6 53.
e4 Be6 54. Rxb5 Ra3 55. Rb6+ Ke7 56. f5 Bd7 57. f6+ Ke8 58. Rb8+ Kf7 59. Rb7 Ke8 60.
f7+ Kxf7 61. Rxd7+ Kg6 62. Rd6+ Kg5 63. Rd7 Kxh6 64.
Rf7 Kg6 65. Rf4 h5 66. d5 Rd3 67. Rf8 h4 68. f4 h3 69. f5+ Kg7 70. Ra8 h2 71. Ra1 Kf6 72. Rh1 Rh3 73. d6 Ke5 74.
d7 Rh8 75. Kc3 Kxe4 76. Rxh2 1-0

[Event "*** SCC Grand Prix: Titled Tuesday Blitz"]
[Site "Chess.com"]
[Date "2020.09.29"]
[Round "2"]
[White "Egorov_Pavel"]
[Black "Alexander_Donchenko"]
[Result "1/2-1/2"]
[WhiteElo "2444"]
[BlackElo "2678"]
[TimeControl "180+1"]
[EndTime "10:18:38 PDT"]
[Termination "Game drawn - insufficient material"]

1. d4 d5 2. c4 c6 3. Nc3 Nf6 4. Nf3 e6 5. Bg5 Nbd7 6. e3 Qa5 7. Bxf6 Nxf6 8. Nd2 Bd6 9. Bd3 O-O 10. O-O e5 11.
dxe5 Bxe5 12. Qc2 Qc7 13. Nf3 dxc4 14. Bxc4 Bd6 15. Rac1 Bg4 16. h3 Bxf3 17. gxf3 Rad8 18. f4 Qe7 19. Be2 Bb4 20. Bf3 Qe6 21. Bg2 Rd7 22.
a3 Bxc3 23. Qxc3 Rfd8 24. Rc2 Ne4 25. Qe5 Nd2 26. Qxe6 fxe6 27. Rd1 Kf7 28. Kh2 Kf6 29. Rg1 Nb3 30. Rc3 Rd3 31. Rxd3 Rxd3 32. Be4 Rd2 33.
Bxh7 Rxb2 34. Rg6+ Kf7 35. Rg2 c5 36. Be4 b5 37. f5 c4 38. fxe6+ Kxe6 39. Rxg7 Rxf2+ 40. Kg3 Rf7 41. Bd5+ Kxd5 42. Rxf7 c3 43. Rd7+ Kc4 44. Rc7+ Nc5 45. Rf7 c2 46. Rf1 Nd3 47. h4 c1=Q 48. Rxc1+ Nxc1 49. h5 Nd3 50. Kg4 Kd5 51. h6 Ne5+ 52.
Kf5 a5 53. h7 Nf7 54. Kf6 Nh8 55. Kg7 Ke6 56. Kxh8 Kf7 57. e4 b4 58. axb4 axb4 59. e5 b3 60. e6+ Kxe6 61. Kg8 b2 62.
h8=Q b1=Q 63. Qh6+ Kd7 64. Qg7+ Kd6 65. Qf8+ Kc7 66.
Qf7+ Kb8 67. Qf8+ Ka7 68. Qg7+ Qb7 69. Qxb7+ Kxb7 1/2-1/2

[Event "*** SCC Grand Prix: Titled Tuesday Blitz"]
[Site "Chess.com"]
[Date "2020.09.29"]
[Round "2"]
[White "guillembaches"]
[Black "lelya96"]
[Result "1-0"]
[WhiteElo "2427"]
[BlackElo "2214"]
[TimeControl "180+1"]
[EndTime "10:18:39 PDT"]
[Termination "guillembaches won on time"]

1. e4 e5 2. Nf3 Nc6 3. Nc3 Nf6 4. d4 Bb4 5. dxe5 Nxe4 6. Qd3 Bxc3+ 7. bxc3 Nc5 8. Qd5 Ne6 9. Ba3 Ne7 10. Qe4 O-O 11. Bd3 g6 12. Qh4 Nd5 13. Bxf8 Qxh4 14. Nxh4 Kxf8 15. Kd2 b6 16. Be4 c6 17. Bxd5 cxd5 18.
Nf3 Bb7 19. Nd4 Nc5 20. f3 Re8 21. Rhe1 Ne6 22. Nxe6+ dxe6 23. a4 Rc8 24. a5 b5 25.
a6 Bc6 26. Reb1 Rb8 27. Ke3 Rb6 28. Kd4 Ke7 29. f4 Kd7 30. g4 Ke7 31. Rf1 Bd7 32. Rfb1 Bc8 33. Rb4 Bxa6 34. Kc5 Kd7 35. f5 Ke7 36.
f6+ Kd7 37. g5 Kc7 38. Rh4 Rc6+ 39. Kb4 Kb6 40. Rxh7 Rc4+ 41. Kb3 Rc7 42. h4 b4 43.
cxb4 Bc4+ 44. Kb2 Be2 45. Ra5 Rc4 46. c3 Rc7 47. Rc5 Rb7 48. Kc2 Bg4 49. Kd2 Bf3 50.
Ke3 Bg4 51. Kd4 Rd7 52. Rc8 a5 53. bxa5+ Kxa5 54. Rhh8 Kb6 55. Rc5 Rb7 56. Rhc8 Ka7 57. R8c7 Bf5 58. Rxb7+ Kxb7 59. Rb5+ Kc7 60. Kc5 Bd3 61.
Ra5 Kd7 62. Ra7+ Ke8 63. Kd6 1-0

[Event "*** SCC Grand Prix: Titled Tuesday Blitz"]
[Site "Chess.com"]
[Date "2020.09.29"]
[Round "2"]
[White "Gabrielian_Artur"]
[Black "BigAl"]
[Result "0-1"]
[WhiteElo "2743"]
[BlackElo "2506"]
[TimeControl "180+1"]
[EndTime "10:18:40 PDT"]
[Termination "BigAl won by resignation"]

1. e4 c6 2. d4 d5 3. Nd2 dxe4 4. Nxe4 Nf6 5. Nxf6+ exf6 6. c3 Bd6 7. Bd3 O-O 8. Qc2 Re8+ 9. Ne2 h5 10. O-O h4 11.
h3 Nd7 12. Bd2 Nf8 13. Rad1 Be6 14. c4 Rc8 15. Rfe1 Bb8 16. Bf4 Qa5 17. Bxb8 Rxb8 18. d5 cxd5 19. c5 Rbc8 20. Rc1 Bd7 21. a3 Ba4 22. b3 Bc6 23. Qb2 a6 24. b4 Qc7 25.
Qd4 Re5 26. Qxh4 Rce8 27. f3 Ng6 28. Qf2 Qe7 29. Kf1 f5 30. f4 Re3 31. Nd4 Nxf4 32. Rxe3 Qxe3 33. Qxe3 Rxe3 34. Bxf5 g6 35. Nxc6 bxc6 36.
Bd7 Nd3 37. Rd1 Ne5 38. Bc8 Rxa3 39. Ke2 f6 40. h4 Kf7 41. g4 Rh3 42. Ra1 Rh2+ 43.
Ke3 Nc4+ 44. Kd3 Rh3+ 45. Kc2 Rh2+ 46. Kc3 Rh3+ 47. Kd4 Ne5 48. Bxa6 Rxh4 49. b5 Rxg4+ 50. Ke3 cxb5 51. Bxb5 Rg3+ 52. Kf2 Rb3 53. Ra7+ Kg8 54.
Bd7 Nxd7 55. Rxd7 Rc3 56. Rxd5 Kf7 57. Ke2 Ke6 58. Rd6+ Ke5 59. Rc6 g5 60. Kd2 Rc4 61.
Kd3 Rc1 62. Rc8 g4 63. c6 Kf4 64. Kd2 Rc5 65. Kd3 f5 66. Kd4 Rc1 67. Kd5 Kf3 68.
Ke5 f4 69. c7 Re1+ 70. Kf5 Rc1 71. Ke5 g3 72. Rf8 Rc5+ 73. Kd6 Rxc7 74. Kxc7 g2 75. Rg8 Kf2 76. Kd6 f3 77. Ke5 g1=Q 78. Rxg1 Kxg1 79.
Kf4 f2 0-1

[Event "*** SCC Grand Prix: Titled Tuesday Blitz"]
[Site "Chess.com"]
[Date "2020.09.29"]
[Round "2"]
[White "smshk35"]
[Black "josorio78"]
[Result "0-1"]
[WhiteElo "2478"]
[BlackElo "2319"]
[TimeControl "180+1"]
[EndTime "10:18:42 PDT"]
[Termination "josorio78 won by resignation"]

1. e4 c5 2. Nf3 d6 3. d4 cxd4 4. Nxd4 Nf6 5. Nc3 a6 6. Bg5 Nbd7 7. Qe2 g6 8. f4 Qa5 9. Nb3 Qc7 10. O-O-O Bg7 11. Nd5 Nxd5 12. exd5 Nf6 13. Re1 Bg4 14. Qd2 O-O 15. h3 Bf5 16. Bd3 Bxd3 17. Qxd3 Rac8 18. Kb1 Rfe8 19. g4 Qc4 20. Rd1 h6 21. Bh4 Qxf4 22. Rhf1 Qc4 23. Na5 Qxd3 24. Rxd3 b6 25. Nb3 Nd7 26.
Re1 Ne5 27. Rde3 Rc4 28. R3e2 Rec8 29. Bg3 a5 30. a3 a4 31. Nd2 Rxc2 32. Ne4 Rxe2 33.
Rxe2 Rc4 34. Nc3 Kf8 35. g5 hxg5 36. Ne4 Rd4 37. Nxg5 Rxd5 38. Rf2 Bf6 39. Nh7+ Kg7 40. Nxf6 exf6 41. Bh4 f5 42. Rc2 Rc5 43. Rd2 d5 44.
Bf2 Rb5 45. Bd4 f6 46. Re2 g5 47. Rc2 Kg6 48. Rc7 Nc4 49. Kc2 f4 50. Rc6 Ne3+ 51. Kd3 Rb3+ 52. Ke2 Kf5 53. Rxf6+ Ke4 54. Bxb6 Rxb2+ 55.
Ke1 Kf3 56. Bxe3 Kxe3 57. Kf1 Kf3 58. Ke1 d4 59. Rg6 Rb5 60. Rd6 Ke4 61. Re6+ Kd3 62. Rf6 Rd5 63. h4 gxh4 64. Rxf4 Rh5 65. Kd1 h3 66.
Rf1 h2 67. Rh1 Kc3 68. Kc1 d3 69. Kd1 Rb5 70. Kc1 d2+ 71. Kd1 Rb1+ 72. Ke2 Rxh1 73.
Kf3 0-1

[Event "*** SCC Grand Prix: Titled Tuesday Blitz"]
[Site "Chess.com"]
[Date "2020.09.29"]
[Round "2"]
[White "Teidi96"]
[Black "FloMaster111"]
[Result "1-0"]
[WhiteElo "2316"]
[BlackElo "2477"]
[TimeControl "180+1"]
[EndTime "10:18:42 PDT"]
[Termination "Teidi96 won by checkmate"]

1. e4 c6 2. d4 d5 3. e5 Bf5 4. h4 h5 5. Bd3 Bxd3 6. Qxd3 e6 7. Bg5 Qb6 8. Nd2 Ne7 9. c4 Nd7 10. Ne2 Nf5 11. O-O Be7 12. Bxe7 Nxe7 13. c5 Qd8 14. b4 Nf5 15. g3 g5 16. hxg5 Qxg5 17. Nf3 Qg4 18.
Kg2 h4 19. Rh1 Ke7 20. Rh3 hxg3 21. Rxh8 gxf2+ 22. Kxf2 Rxh8 23. Rg1 Qh3 24. Qd2 Rh5 25. Nf4 Nxd4 26. Nxh3 Nxf3 27. Kxf3 Rxh3+ 28. Kg2 Rh5 29. Rh1 Rxe5 30. Rh8 Rf5 31. Qh6 Ne5 32. Qf8+ Kf6 33.
Rh6+ Kg5 34. Qg7+ Ng6 35. Rxg6+ fxg6 36. Qxb7 e5 37. Qxc6 d4 38. Qe4 Kf6 39. c6 Rf4 40. Qd5 Rg4+ 41. Kf2 Rf4+ 42. Kg3 Rf1 43. c7 Rc1 44. Qd6+ Kf5 45. Qf8+ Ke4 46. c8=Q Rxc8 47. Qxc8 Ke3 48. Qe6 e4 49. Qxg6 d3 50. Qg5+ Ke2 51. Qh5+ Ke1 52. Qh1+ Kd2 53. Qxe4 Kc2 54. a4 Kc3 55. b5 d2 56. Qe3+ Kc2 57. Qe2 Kc1 58.
Qc4+ Kb2 59. Qd3 Kc1 60. Qc3+ Kd1 61. a5 Ke2 62. Qe5+ Kd1 63. b6 Kc2 64. Qc5+ Kb2 65. Qd4+ Kc1 66. Qxd2+ Kxd2 67. bxa7 Kc3 68. a8=Q Kb4 69.
Qb7+ Kxa5 70. Qb8 Ka4 71. Kf3 Ka5 72. Ke3 Ka6 73. Kd3 Ka5 74. Kc4 Ka6 75. Kc5 Ka5 76. Qa8# 1-0

[Event "*** SCC Grand Prix: Titled Tuesday Blitz"]
[Site "Chess.com"]
[Date "2020.09.29"]
[Round "2"]
[White "CookiesAndIceCream"]
[Black "winniethepooh04"]
[Result "1/2-1/2"]
[WhiteElo "2402"]
[BlackElo "2203"]
[TimeControl "180+1"]
[EndTime "10:18:42 PDT"]
[Termination "Game drawn by repetition"]

1. e4 e6 2. d4 d5 3. Nd2 c5 4. Ngf3 cxd4 5. exd5 Qxd5 6. Bc4 Qd6 7. O-O Nf6 8. Nb3 Nc6 9. Nbxd4 Nxd4 10. Nxd4 a6 11. Re1 Qc7 12. Bb3 Be7 13. Qf3 O-O 14. Bf4 Bd6 15. Bxd6 Qxd6 16. Rad1 Qc7 17. c3 Re8 18. h3 Bd7 19. Qe3 Rad8 20. Nf3 Bc8 21. Ne5 Rxd1 22. Rxd1 Rd8 23. Rxd8+ Qxd8 24. g4 h6 25. Kg2 Nd5 26.
Qd4 Qf6 27. Bxd5 exd5 28. Qxd5 Be6 29. Qd4 Bxa2 30. c4 Bxc4 31. Qxc4 Qxe5 32. Qc8+ Kh7 33. Qxb7 Qf6 34. b4 g6 35. Qe4 Kg7 36. Kg3 Qd6+ 37. Kf3 Qd1+ 38. Ke3 Qf1 39. Qd4+ Kh7 40. h4 Qh3+ 41.
f3 Qxh4 42. Qb6 Qg5+ 43. Kf2 Qb5 44. Qf6 Kg8 45. Qd8+ Kg7 46. Qd4+ Kh7 47. Qf6 Qb7 48. Kg3 Kg8 49. Qd8+ Kg7 50. Qd4+ Kh7 51. Qf6 Qc7+ 52. Kh3 Qb7 53. Kg2 Kg8 54. Qd8+ Kg7 55. Qd4+ f6 56.
Qd6 Qf7 57. Kg3 h5 58. Qxa6 hxg4 59. fxg4 Qb3+ 60. Kh4 Qxb4 61. Qa7+ Kh6 62. Qe3+ g5+ 63. Kg3 Qd6+ 64. Kh3 Qe5 65. Qf3 Qf4 66. Qa8 Qe3+ 67.
Kg2 Qe2+ 68. Kg3 Qe1+ 69. Kh3 Qe7 70. Qh8+ Kg6 71. Qg8+ Qg7 72. Qe8+ Qf7 73. Qe4+ Kg7 74. Qf5 Qb3+ 75. Kg2 Qb2+ 76. Kg3 Qb3+ 77. Kg2 Qb2+ 78. Kh3 Qb3+ 79. Kg2 1/2-1/2

[Event "*** SCC Grand Prix: Titled Tuesday Blitz"]
[Site "Chess.com"]
[Date "2020.09.29"]
[Round "2"]
[White "nocnypako"]
[Black "penguingm1"]
[Result "1/2-1/2"]
[WhiteElo "2575"]
[BlackElo "2886"]
[TimeControl "180+1"]
[EndTime "10:18:46 PDT"]
[Termination "Game drawn by repetition"]

1. d4 d5 2. c4 e6 3. Nc3 Be7 4. cxd5 exd5 5. Nf3 c6 6. Bf4 Bf5 7. e3 Nf6 8. Bd3 Bxd3 9. Qxd3 Nbd7 10. O-O Nh5 11. Bg3 O-O 12. Rab1 a5 13. a3 Re8 14.
Rfc1 Nxg3 15. hxg3 Bd6 16. b4 axb4 17. axb4 Nb6 18. b5 Nc4 19. bxc6 bxc6 20. Nd2 Na3 21. Rb7 Qg5 22. e4 Qg6 23. Qf3 dxe4 24. Ncxe4 Nb5 25.
Nxd6 Nxd4 26. Qd1 Ne2+ 27. Kf1 Qxd6 28. Nf3 Qe6 29. Rcb1 Rad8 30. Qb3 Qxb3 31. R7xb3 Nd4 32. Rb7 Nxf3 33. gxf3 Re6 34. Rc1 g6 35. Rc7 Rdd6 36. f4 Kg7 37. Rc8 Rf6 38. Rc7 h6 39. Kg2 g5 40. fxg5 hxg5 41. Rc2 Kg6 42. Kf1 g4 43.
Kg2 Kg5 44. Kf1 Kf5 45. Kg2 Ke5 46. Rc4 Rd2 47. Rxg4 Rfxf2+ 48. Kg1 Rg2+ 49. Kf1 Rh2 50. Kg1 Rdg2+ 51. Kf1 Ra2 52. Kg1 Rhg2+ 53. Kf1 Rgc2 54. Re7+ Kd6 55. Re1 Rh2 56. Kg1 Rag2+ 57. Kf1 Rd2 58. Kg1 c5 59. Rf4 Rdg2+ 60. Kf1 Rxg3 61. Rf6+ Kd5 62.
Rf5+ Kd4 63. Rxf7 c4 64. Rd7+ Kc3 65. Rc1+ Kb4 66. Rb7+ Kc5 67. Rc7+ Kd5 68. R7xc4 Rgg2 69. Rc5+ Kd4 70. R5c4+ Kd3 71. R4c3+ Ke4 72. Rc4+ Kf3 73. R4c3+ Kg4 74. Rc4+ Kh5 75. Rc5+ Rg5 76. Rxg5+ Kxg5 77. Kg1 Ra2 78. Rf1 Kg4 79. Rf8 Kg3 80. Rg8+ Kf3 81.
Rf8+ Ke3 82. Re8+ Kf3 83. Rf8+ Kg3 84. Rg8+ Kf3 85. Rf8+ 1/2-1/2

[Event "*** SCC Grand Prix: Titled Tuesday Blitz"]
[Site "Chess.com"]
[Date "2020.09.29"]
[Round "2"]
[White "Nikithebest"]
[Black "pirulillo"]
[Result "0-1"]
[WhiteElo "2407"]
[BlackElo "2222"]
[TimeControl "180+1"]
[EndTime "10:18:47 PDT"]
[Termination "pirulillo won on time"]

1. e4 c5 2. Nf3 e6 3. d3 Nc6 4.
g3 g6 5. d4 Bg7 6. d5 exd5 7.
exd5 Nd4 8. Nxd4 Bxd4 9. c3 Bg7 10. Bg2 Nf6 11. O-O O-O 12. d6 Rb8 13. Na3 b5 14. Be3 Qb6 15. b4 Qa6 16. Nc2 cxb4 17. Nxb4 Qa5 18.
a4 Bb7 19. axb5 Qxb5 20. Rxa7 Bxg2 21. Kxg2 Ne4 22. Nd5 Nxc3 23. Ne7+ Kh8 24. Qd2 Rb7 25. Raa1 Ne4 26. Qd1 Qc4 27. Rc1 Qe6 28. Nc8 Rb8 29.
Ne7 Nxd6 30. Nd5 Nf5 31. Bf4 Rb5 32. Ne3 Qe4+ 33. Kg1 Nxe3 34. Bxe3 d5 35. Rc7 d4 36. Bf4 d3 37. Re1 Qf5 38. Ree7 Ra5 39. Rc1 Raa8 40.
Re3 Rad8 41. Re7 g5 42. Be3 h6 43. Rec7 Bf6 44. R7c5 Qg6 45. Kg2 Kg7 46. Rb1 Rfe8 47.
Qf3 Qe4 48. Qxe4 Rxe4 49. Rd1 Bd4 50. Rc4 f5 51. Bxd4+ Rexd4 52. Rc3 Kg6 53. Kf3 d2 54. Ke2 Kh5 55. Re3 Kg4 56. f3+ Kh3 57. Re6 h5 58. g4 h4 59. gxf5 Rf4 60. Rh6 Rxf5 61. Rxd2 Re5+ 62. Kd1 Rxd2+ 63. Kxd2 Rf5 64. Ke2 Ra5 65.
Rh5 Kxh2 66. Ke3 Kg3 67. Ke4 h3 68. Ke3 h2 69. Ke2 Kg2 70. f4 h1=Q 71. Rxh1 Kxh1 72. f5 Rxf5 0-1